Map: Lockdown LE

Players

SialicAcid

  • Race: Terran Terran
  • League: Diamond

인공지능 칸 (정예) - Winner!

  • Race: Zerg Zerg

VOD

Have the link to the VOD?

Description

Time

  • Played on: Sept. 22, 2026, 10:08 p.m.
  • Length: 7:27
Show
View Real Time Build Order
Export as new Build Order

SialicAcid Terran 

Build Orders: Reaper Expand, Hellion Banshee 

Get SALT Encoding   

  12  0:00  SCV  
  13  0:12  SCV  
  14  0:17  Supply Depot  
  14  0:24  SCV  
  15  0:38  SCV  
  15  0:39  Barracks  
  16  0:43  Refinery  
  16  0:51  SCV  
  17  1:04  SCV  
  18  1:16  SCV  
  19  1:25  Reaper  
  19  1:28  Orbital Command  
  20  1:38  Command Center  
  20  1:50  Supply Depot  
  20  1:54  SCV  
  21  1:59  Marine  
  22  2:06  SCV  
  23  2:14  Factory  
  23  2:18  SCV  
  23  2:22  Barracks Reactor  
  24  2:30  SCV  
  24  2:36  Command Center  
  25  2:42  SCV  
  26  2:50  Orbital Command  
  26  3:00  Starport  
  26  3:06  SCV  
  26  3:07  Refinery  
  27  3:16  SCV  
  27  3:18  SCV, Hellion  
  27  3:19  Hellion  
  33  3:22  Barracks Tech Lab  
  33  3:32  SCV x2  
  35  3:41  Hellion  
  35  3:42  Hellion  
  35  3:44  SCV  
  35  3:45  SCV  
  35  3:47  Banshee  
  44  3:49  Orbital Command  
  44  3:56  Barracks Tech Lab, SCV  
  44  4:01  Supply Depot, Cloaking Field  
  45  4:03  SCV  
  45  4:08  SCV  
  49  4:10  Hellion x2  
  49  4:15  SCV x2  
  53  4:21  Stimpack  
  53  4:27  SCV x2, Barracks  
  55  4:38  Barracks, Banshee  
  55  4:42  SCV x2  
  55  4:45  Refinery  
  60  4:47  Refinery  
  60  4:48  Engineering Bay  
  60  4:49  Engineering Bay  
  60  4:50  SCV  
  61  4:52  Marine  
  61  4:53  Factory Reactor  
  61  4:55  Orbital Command  
  61  4:57  SCV x2  
  64  5:01  Supply Depot  
  64  5:14  Terran Infantry Weapons Level 1  
  64  5:17  SCV x2  
  64  5:18  Terran Infantry Armor Level 1  
  67  5:26  Marine x2  
  68  5:28  Supply Depot  
  68  5:29  SCV  
  68  5:30  SCV  
  68  5:31  SCV  
  68  5:32  Supply Depot  
  68  5:34  Starport Reactor  
  71  5:35  Marine  
  71  5:41  SCV  
  73  5:43  SCV, Marine  
  73  5:44  Marine  
  73  5:45  Barracks  
  73  5:46  Barracks  
  76  5:50  Siege Tank  
  76  5:51  Supply Depot  
  76  5:55  SCV x2  
  76  5:56  SCV  
  76  5:57  Marine x3  
  82  6:01  Marine  
  86  6:06  Combat Shield  
  86  6:07  SCV  
  86  6:08  SCV x2  
  86  6:10  Medivac x2  
  93  6:18  Marine x4  
  94  6:19  Marine, SCV  
  94  6:20  SCV  
  94  6:22  SCV  
  101  6:26  Refinery  
  101  6:34  Supply Depot  
  101  6:36  Marine x2, Siege Tank  
  101  6:37  SCV, Marauder  
  101  6:38  Barracks Reactor  
  101  6:39  Barracks Reactor  
  109  6:44  Armory  
  109  6:47  Factory  
  109  6:55  Marine  
  109  6:56  Marine x2  
  109  6:57  Marine  
  109  6:58  Marine  
  109  6:59  Command Center, Refinery  
  112  7:02  Supply Depot  
  112  7:06  SCV  
  112  7:07  SCV x2  
  115  7:10  Supply Depot  
  117  7:25  Supply Depot  
Show
View Real Time Build Order
Export as new Build Order

인공지능 칸 (정예) Zerg - Winner!

Build Orders: Pool First 

Get SALT Encoding   

  12  0:00  Drone  
  13  0:12  Overlord  
  13  0:17  Drone  
  14  0:30  Drone x2  
  16  0:42  Spawning Pool  
  15  0:44  Drone  
  15  0:48  Drone  
  17  1:10  Hatchery  
  17  1:11  Drone  
  17  1:13  Extractor  
  17  1:15  Drone  
  17  1:19  Drone  
  18  1:28  Drone  
  19  1:38  Overlord  
  19  1:47  Queen  
  19  1:49  Drone  
  22  2:00  Zergling x2  
  23  2:10  Drone  
  24  2:21  Drone  
  25  2:23  Queen  
  25  2:26  Roach Warren  
  26  2:30  Drone  
  26  2:35  Extractor  
  26  2:36  Drone  
  27  2:43  Overlord  
  27  2:45  Drone  
  27  2:48  Drone  
  29  2:53  Drone  
  29  2:54  Drone  
  29  2:57  Drone  
  32  2:59  Zergling x2  
  32  3:03  Zergling x2  
  34  3:08  Roach  
  34  3:12  Roach  
  38  3:16  Roach  
  38  3:19  Roach  
  42  3:26  Drone x2  
  44  3:30  Overlord  
  44  3:37  Lair  
  44  3:41  Metabolic Boost  
  44  3:48  Drone x2  
  44  3:51  Drone  
  44  3:53  Drone  
  48  3:56  Drone  
  48  3:58  Drone  
  48  4:00  Drone  
  51  4:04  Overlord  
  51  4:07  Drone  
  52  4:11  Evolution Chamber  
  52  4:12  Drone  
  52  4:17  Evolution Chamber  
  52  4:18  Drone  
  52  4:22  Drone x2  
  54  4:26  Drone  
  54  4:29  Drone  
  54  4:30  Drone  
  57  4:32  Drone  
  57  4:37  Infestation Pit, Drone  
  58  4:39  Zerg Missile Weapons Level 1  
  58  4:43  Zerg Ground Armor Level 1  
  58  4:45  Overlord  
  58  4:48  Overlord  
  58  4:51  Drone  
  58  4:52  Zergling x2  
  60  5:04  Drone x2, Roach, Extractor  
  60  5:05  Drone  
  60  5:06  Hydralisk Den  
  63  5:08  Drone  
  63  5:09  Drone  
  63  5:12  Roach  
  67  5:14  Overlord  
  67  5:17  Roach  
  67  5:19  Roach  
  71  5:27  Drone x2, Extractor  
  72  5:29  Drone x2  
  72  5:32  Overlord  
  72  5:35  Hydralisk x2  
  74  5:36  Hydralisk  
  74  5:38  Hydralisk  
  74  5:41  Hydralisk  
  84  5:50  Overlord, Drone  
  84  5:52  Drone, Hydralisk  
  88  5:57  Overseer  
  88  5:59  Ravager  
  88  6:02  Roach  
  91  6:08  Hatchery, Overlord  
  91  6:09  Ravager  
  91  6:11  Roach  
  93  6:27  Lurker Den, Drone  
  93  6:32  Spine Crawler  
  92  6:33  Drone  
  92  6:36  Overlord, Roach  
  92  6:39  Roach  
  97  6:43  Hydralisk  
  99  6:49  Baneling Nest  
  99  6:50  Drone  
  97  6:55  Hydralisk  
  97  6:59  Hydralisk  
  99  7:04  Spine Crawler  
  99  7:05  Drone  
  110  7:25  Lurker  
Tags
 
Add a new tag
Caveats
  • Supply blocks, unpowered buildings, or Contaminate may cause inaccurate times.
  • Supply counts are checked every 10 seconds.